 Dungeon Crawl Stone Soup version 0.20.1-1-g8b1a95d (webtiles) character file.

84 SmSkdm the Grave Robber (level 4, 0/33 HPs)
             Began as a Draconian Necromancer on Oct 28, 2017.
             Succumbed to an adder's poison
             ... on level 3 of the Dungeon.
             The game lasted 00:23:36 (1712 turns).

SmSkdm the Grave Robber (Draconian Necromancer)     Turns: 1712, Time: 00:23:36

Health: 0/33       AC:  5    Str: 10    XL:     4   Next: 24%
Magic:  5/8        EV: 12    Int: 18    God:
Gold:   46         SH:  0    Dex: 13    Spells: 6/8 levels left

rFire    . . .     SeeInvis .   h - +0 short sword
rCold    . . .     Gourm    .   (no shield)
rNeg     . . .     Faith    .   (armour unavailable)
rPois    .         Spirit   .   (helmet restricted)
rElec    .         Reflect  .   (no cloak)
rCorr    .         Harm     .   (no gloves)
MR       .....                  (no boots)
Stlth    ++........             (no amulet)
Regen    0.2/turn               l - +3 ring of intelligence
MPRegen  0.2/turn               (no ring)

@: lethally poisoned (0 -> -6)
A: unfitting armour, cold-blooded, AC +5
a: no special abilities


You were on level 3 of the Dungeon.
You were completely stuffed.

You visited 1 branch of the dungeon, and saw 3 of its levels.

You collected 46 gold pieces.

Inventory:

Hand Weapons
 c - a +0 whip
 h - a +0 short sword (weapon)
 j - a +0 dagger
 k - a +0 club
 m - a cursed -1 club
 o - a +0 flail
Missiles
 n - 19 sling bullets
Armour
 r - a +0 ring mail
 s - a cursed +0 ring mail
Jewellery
 l - a +3 ring of intelligence (left hand)
Scrolls
 d - 4 scrolls of remove curse
 e - a scroll of identify
Potions
 f - a potion of curing {unknown}
Books
 a - a book of Necromancy

   Spells                             Type                      Level
   a - Pain                           Necromancy                   1
   b - Animate Skeleton               Necromancy                   1
   c - Vampiric Draining              Necromancy                   3
   d - Regeneration                   Charms/Necromancy            3
   e - Animate Dead                   Necromancy                   4
   f - Control Undead                 Necromancy                   4
 t - a book of Misfortune

   Spells                             Type                      Level
   a - Confusing Touch                Hexes                        1
   b - Confuse                        Hexes                        3
   c - Gell's Gravitas                Translocation                3
   d - Petrify                        Transmutation/Earth          4
   e - Metabolic Englaciation         Hexes/Ice                    5
   f - Yara's Violent Unravelling     Hexes/Transmutation          5
Comestibles
 g - 2 chunks of flesh


   Skills:
 + Level 0.2 Maces & Flails
 + Level 1.8 Dodging
 + Level 1.7 Stealth
 + Level 2.9 Spellcasting
 + Level 5.2 Necromancy


You had 6 spell levels left.
You knew the following spells:

 Your Spells              Type           Power        Failure   Level  Hunger
a - Pain                  Necr           ###.         1%          1    None
b - Animate Skeleton      Necr           N/A          1%          1    None


Dungeon Overview and Level Annotations

Branches:
Dungeon (3/15)

Altars:
Fedhas
Ru


Innate Abilities, Weirdness & Mutations

Your plain brown scales are hard. (AC +5)
You cannot fit into any form of body armour.
You are cold-blooded and may be slowed by cold attacks.


Message History

As you read the scroll labeled EHOUKK LIBAIH, it crumbles to dust.
You hear whispers in an ancient language.
It was a scroll of random uselessness.
* * * LOW HITPOINT WARNING * * *
You feel sick.
Memorise Regeneration, consuming 3 spell levels and leaving 3?
Your memorisation is interrupted.
* * * LOW HITPOINT WARNING * * *
You feel sick.
There is a lethal amount of poison in your body!
Eat one of 3 chunks of flesh? (ye/n/q)
You eat one of the 3 chunks of flesh.
This raw flesh tastes terrible.
You eat the royal jelly.
That royal jelly was delicious!
* * * LOW HITPOINT WARNING * * *
You feel sick.
You eat one of the 2 bread rations.
That bread ration really hit the spot!
* * * LOW HITPOINT WARNING * * *
You feel sick.
You eat the bread ration.
That bread ration really hit the spot!
You die...

## ## ..#.# <..# # ##.# .####
##+## #.# .>.# ##...## ##.#
####.######.....## #..#
#.......##.......##
...##########.......#.........###
................@...'.........'..
...##########....##.#......)..###
#..# #.#..##.##.......## ##.#
#....(..###.....## #w## #.##.##.#
##...## #..# #.......# ##+## ##.#
####.#### #.# #.# #.# .#


There were no monsters in sight!

Vanquished Creatures
  An orc wizard (D:3)
  An adder (D:2)
  3 dart slugs
  2 orcs (D:3)
  2 giant cockroaches (D:1)
  8 goblins
  4 hobgoblins
  4 bats
  3 frilled lizards
  9 kobolds
  3 rats
40 creatures vanquished.

Vanquished Creatures (collateral kills)
  2 goblins (D:1)
  A frilled lizard (D:1)
3 creatures vanquished.

Grand Total: 43 creatures vanquished

Notes
Turn   | Place    | Note
-------+----------+-------------------------------------------
     0 | D:1      | SmSkdm the Draconian Necromancer began the quest for the Orb.
     0 | D:1      | Reached XP level 1. HP: 14/14 MP: 3/3
   108 | D:1      | Learned a level 1 spell: Animate Skeleton
   441 | D:1      | Reached XP level 2. HP: 8/20 MP: 0/5
   921 | D:2      | Reached XP level 3. HP: 14/26 MP: 1/6
  1385 | D:2      | Found a blossoming altar of Fedhas.
  1684 | D:3      | Found a sacrificial altar of Ru.
  1692 | D:3      | Reached skill level 5 in Necromancy
  1692 | D:3      | Reached XP level 4. HP: 23/33 MP: 3/8
  1709 | D:3      | HP: 1/33 [poisoned by an adder]
  1712 | D:3      | Succumbed to an adder's poison

Skill      XL: |  1  2  3 |
---------------+----------+-----
Necromancy     | 5 |  5.2
Maces & Flails | |  0.2
Dodging        | |  1.8
Stealth        | |  1.7
Spellcasting   | |  2.9

Action                   |  1- 3 |  4- 6 || total
-------------------------+-------+-------++-------
Melee: Whip              |    16 |       ||    16
       Short sword       |    14 |     4 ||    18
 Cast: Pain              |    73 |     1 ||    74
       Animate Skeleton  |    22 |       ||    22
  Use: Scroll            |     1 |     3 ||     4
  Eat: Chunk             |     2 |     1 ||     3
       Bread ration      |       |     2 ||     2
       Royal jelly       |       |     1 ||     1
Armor: Skin              |    21 |     1 ||    22
Dodge: Dodged            |    42 |     5 ||    47
